 Dungeon Crawl Stone Soup version 0.26-a0-651-gb41185065b (webtiles) character file.

Game seed: 16739133125481634614

96 vurker the Sneak (level 4, 0/32 HPs)
             Began as a Gnoll Enchanter on Oct 12, 2020.
             Slain by an orc
             ... wielding a +0 dagger
              (2 damage)
             ... on level 2 of the Dungeon.
             The game lasted 00:02:15 (2003 turns).

vurker the Sneak (Gnoll Enchanter)                  Turns: 2003, Time: 00:02:16

Health: 0/32       AC:  5    Str: 10    XL:     4   Next: 67%
Magic:  11/11      EV: 14    Int: 19    God:
Gold:   119        SH:  0    Dex: 15    Spells: 12/13 levels left

rFire    . . .     SeeInvis .   a - +1 dagger
rCold    . . .     Faith    .   (no shield)
rNeg     . . .     Spirit   .   f - +2 leather armour {MR+}
rPois    .         Reflect  .   (no helmet)
rElec    .         Harm     .   (no cloak)
rCorr    .         Rampage  .   (no gloves)
MR       +....                  (no boots)
Stlth    +++.......             (no amulet)
HPRegen  0.10/turn              (no ring)
MPRegen  0.12/turn              (no ring)

@: no status effects
A: distributed training, fangs 1, strong nose
a: no special abilities


You were on level 2 of the Dungeon.
You visited 1 branch of the dungeon, and saw 2 of its levels.

You collected 119 gold pieces.

Inventory:

Hand Weapons
 a - a +1 dagger (weapon)
Armour
 f - a +2 leather armour of magic resistance (worn)
   (You found it on level 1 of the Dungeon)
Scrolls
 b - 2 scrolls of identify {unknown}
 e - a scroll of amnesia {unknown}
 g - a scroll of remove curse {unknown}
 i - a scroll of teleportation {unknown}
Potions
 c - a potion of ambrosia {unknown}
 d - a potion of haste {unknown}
 h - a potion of stabbing {unknown}


   Skills:
 + Level 1.2 Fighting
 + Level 2.8 Short Blades
 + Level 1.2 Long Blades
 + Level 1.2 Axes
 + Level 1.2 Maces & Flails
 + Level 1.2 Polearms
 + Level 1.2 Staves
 + Level 1.2 Slings
 + Level 1.2 Bows
 + Level 1.2 Crossbows
 + Level 1.2 Throwing
 + Level 1.2 Armour
 + Level 4.7 Dodging
 + Level 6.1 Stealth
 + Level 1.2 Shields
 + Level 1.2 Unarmed Combat
 + Level 5.1 Spellcasting
 + Level 1.0 Conjurations
 + Level 5.5 Hexes
 + Level 1.0 Summonings
 + Level 1.0 Necromancy
 + Level 1.0 Translocations
 + Level 1.0 Transmutations
 + Level 1.0 Fire Magic
 + Level 1.0 Ice Magic
 + Level 1.0 Air Magic
 + Level 1.0 Earth Magic
 + Level 1.0 Poison Magic
 + Level 1.3 Invocations
 + Level 1.2 Evocations


You had 12 spell levels left.
You knew the following spells:

 Your Spells              Type           Power        Failure   Level
a - Corona                Hex            ####...      1%          1

Your spell library contained the following spells:

 Spells                   Type           Power        Failure   Level
 Confusing Touch          Hex            ####....     4%          3
 Tukima's Dance           Hex            ####....     4%          3
 Ensorcelled Hibernation  Hex/Ice        ###...       6%          2
 Dazzling Flash           Conj/Hex       ###...       13%         3


Dungeon Overview and Level Annotations

Branches:
Dungeon (2/15)

Altars:


Innate Abilities, Weirdness & Mutations

Your experience applies equally to all skills.
You have very sharp teeth.
Your uncanny sense of smell can sniff out nearby items.


Message History

Unknown command.
You hit the orc but do no damage. You bite the orc, but do no damage.
The orc hits you with a +0 dagger.
* * * LOW HITPOINT WARNING * * *
The orc wizard closely misses you. The orc barely misses you.
You hit the jackal. You bite the jackal, but do no damage.
The jackal bites you but does no damage.
The orc wizard hits you with a +0 dagger.
* * * LOW HITPOINT WARNING * * *
The orc hits you with a +0 dagger.
* * * LOW HITPOINT WARNING * * *
You hit the jackal.
The orc wizard hits you but does no damage.
The jackal bites you.
* * * LOW HITPOINT WARNING * * *
The orc barely misses you. x2
Unknown command.
You closely miss the jackal. The orc wizard misses you.
The jackal bites you but does no damage.
The orc hits you with a +0 hand axe.
* * * LOW HITPOINT WARNING * * *
The jackal bites you but does no damage.
The orc wizard hits you but does no damage.
The orc misses you.
Unknown command.
Unknown command.
You hit the jackal.
You kill the jackal!
The orc wizard hits you but does no damage.
The orc barely misses you. The jackal misses you.
You hit the jackal but do no damage. The orc wizard barely misses you.
The orc closely misses you. The jackal bites you.
* * * LOW HITPOINT WARNING * * *
The orc barely misses you. The orc wizard closely misses you.
You hit the jackal. The jackal misses you. The orc misses you.
The orc wizard barely misses you. The orc barely misses you.
You hit the jackal. The jackal closely misses you.
The orc wizard hits you but does no damage.
The orc misses you.
You hit the jackal but do no damage. Your bite misses the jackal.
The jackal misses you. The orc wizard misses you.
The orc hits you with a +0 hand axe.
* * * LOW HITPOINT WARNING * * *
The orc closely misses you. The orc wizard closely misses you.
The jackal misses you.
You hit the jackal. Your bite misses the jackal.
A bat comes into view.
The orc wizard completely misses you. The orc closely misses you.
The jackal closely misses you. The orc hits you with a +0 dagger.
You die...

#.# #.>...# #.... #.#
#.....# ##.#.. ##.#
#.....# #..... #..#
#...... #$...# ##.##
#...... #...h# #..#
#...... #..oh#####.##
##...... #..oo##o...#
#.......
#....#@o########......#
#.>..ho## #...........#
##.##b...?....###.#####
#. ###.#####......).##
# .# ######.#... .#
####.#### ## #........
#........ #........


You could see an orc wizard (fast), 2 orcs, a jackal and a bat.

Vanquished Creatures
  An orc priest (D:2)
  An adder (D:2)
  An ooze (D:2)
  2 worms (D:2)
  2 dart slugs (D:1)
  2 leopard geckos (D:1)
  4 bats
  3 giant cockroaches
  4 goblins
  5 hobgoblins
  A jackal (D:2)
  6 kobolds
  A ball python (D:1)
  A frilled lizard (D:1)
  7 rats
41 creatures vanquished.

Notes
Turn   | Place    | Note
-------+----------+-------------------------------------------
     0 | D:1      | vurker the Gnoll Enchanter began the quest for the Orb.
     0 | D:1      | Reached XP level 1. HP: 13/13 MP: 6/6
   223 | D:1      | Reached XP level 2. HP: 19/19 MP: 7/7
   763 | D:1      | Reached XP level 3. HP: 21/25 MP: 9/9
   825 | D:1      | Reached skill level 5 in Spellcasting
   900 | D:1      | Reached skill level 6 in Stealth
  1087 | D:2      | Reached skill level 1 in Invocations
  1384 | D:2      | HP: 1/25 [worm (11)]
  1702 | D:2      | Reached skill level 1 in Fighting
  1702 | D:2      | Reached skill level 1 in Long Blades
  1702 | D:2      | Reached skill level 1 in Axes
  1702 | D:2      | Reached skill level 1 in Maces & Flails
  1702 | D:2      | Reached skill level 1 in Polearms
  1702 | D:2      | Reached skill level 1 in Staves
  1702 | D:2      | Reached skill level 1 in Slings
  1702 | D:2      | Reached skill level 1 in Bows
  1702 | D:2      | Reached skill level 1 in Crossbows
  1702 | D:2      | Reached skill level 1 in Throwing
  1702 | D:2      | Reached skill level 1 in Armour
  1702 | D:2      | Reached skill level 1 in Shields
  1702 | D:2      | Reached skill level 1 in Unarmed Combat
  1702 | D:2      | Reached skill level 1 in Evocations
  1920 | D:2      | Reached XP level 4. HP: 32/32 MP: 11/11
  1993 | D:2      | Reached skill level 1 in Conjurations
  1993 | D:2      | Reached skill level 1 in Summonings
  1993 | D:2      | Reached skill level 1 in Necromancy
  1993 | D:2      | Reached skill level 1 in Translocations
  1993 | D:2      | Reached skill level 1 in Transmutations
  1993 | D:2      | Reached skill level 1 in Fire Magic
  1993 | D:2      | Reached skill level 1 in Ice Magic
  1993 | D:2      | Reached skill level 1 in Air Magic
  1993 | D:2      | Reached skill level 1 in Earth Magic
  1993 | D:2      | Reached skill level 1 in Poison Magic
  2003 | D:2      | Slain by an orc

Illustrated notes

Levels and vault maps discovered:
D:1:      lemuel_arrival_broad_hall, layout_basic, minmay_3d_cube
D:2:      layout_rooms, chequers_ecumenical_altar_simple_redux

Skill      XL: |  1  2  3  4 |
---------------+-------------+-----
Spellcasting   | 5 |  5.1
Stealth        | 6 |  6.1
Invocations    | 1 |  1.3
Fighting       | 1 |  1.2
Long Blades    | 1 |  1.2
Axes           | 1 |  1.2
Maces & Flails | 1 |  1.2
Polearms       | 1 |  1.2
Staves         | 1 |  1.2
Slings         | 1 |  1.2
Bows           | 1 |  1.2
Crossbows      | 1 |  1.2
Throwing       | 1 |  1.2
Armour         | 1 |  1.2
Shields        | 1 |  1.2
Unarmed Combat | 1 |  1.2
Evocations     | 1 |  1.2
Conjurations   | 1 |  1.0
Summonings     | 1 |  1.0
Necromancy     | 1 |  1.0
Translocations | 1 |  1.0
Transmutations | 1 |  1.0
Fire Magic     | 1 |  1.0
Ice Magic      | 1 |  1.0
Air Magic      | 1 |  1.0
Earth Magic    | 1 |  1.0
Poison Magic   | 1 |  1.0
Short Blades   | |  2.8
Dodging        | |  4.7
Hexes          | |  5.5

Action                   |  1- 3 |  4- 6 || total
-------------------------+-------+-------++-------
Melee: Dagger            |   175 |    27 ||   202
       Bite              |     9 |     4 ||    13
 Stab: Sleeping          |    14 |     3 ||    17
Armor: Robe              |     4 |       ||     4
       Leather armour    |    23 |     7 ||    30
Dodge: Dodged            |    95 |    41 ||   136

Table legend: (Time is in decaauts)
 A = Elapsed time spent in this place.
 B = Non-inter-level travel time spent in this place.
 C = Inter-level travel time spent in this place.
 D = Time resting spent in this place.
 E = Time spent auto-exploring this place.
 F = Levels seen in this place.
 G = Mean time per level.
                   A        B        C        D        E       F      G
               +--------+--------+--------+--------+--------+-----+--------+
         Total |   1979 |   1970 |      9 |    429 |   1171 |   2 |  989.5 |
       Dungeon |   1979 |   1970 |      9 |    429 |   1171 |   2 |  989.5 |
               +--------+--------+--------+--------+--------+-----+--------+

Top non-repeatable levels by time:
     D:1: 1495 daAuts
     D:2: 484 daAuts
